 Dungeon Crawl Stone Soup version 0.29.1-15-g9cfb28693d (webtiles) character file.

Game seed: 15356978614653955089

48968 H0rd4k the Eclecticist (level 14, -7/101 HPs)
             Began as an Octopode Artificer on Mar 23, 2023.
             Was an Initiate of Gozag.
             Shot with an arrow by a centaur warrior (18 damage)
             ... on level 13 of the Dungeon.
             The game lasted 01:05:25 (32792 turns).

H0rd4k the Eclecticist (Octopode Artificer)        Turns: 32792, Time: 01:05:25

Health: -7/101     AC: 11    Str: 31    XL:     14   Next: 48%
Magic:  0/34       EV: 13    Int: 19    God:    Gozag
Gold:   1747       SH:  0    Dex: 13    Spells: 25/45 levels left

rFire   x . .      SeeInvis +   q - +8 trident of the Sky {elec, rN+ rCorr Str+8 Int-5}
rCold   + + .      Faith    .   (no shield)
rNeg    + . .      Spirit   +   o - +2 hat
rPois   .          Reflect  .   m - amulet of guardian spirit
rElec   .          Harm     .   c - +6 ring of strength
rCorr   +          Rampage  .   g - +6 ring of strength
Will    +....                   T - ring of wizardry
Stlth   +++.......              y - ring of ice
HPRegen 0.26/turn               F - +4 ring of protection
MPRegen 0.24/turn               e - ring of see invisible
                                L - +4 ring of protection
                                x - ring of the Foremost Stars {+Blink rC+ Int+6}

@: gold aura
A: almost no armour, amphibious, 8 rings, camouflage 1, gelatinous body 1,
(nimble swimmer 1), tentacles
a: Renounce Religion, Evoke Blink, Potion Petition, Call Merchant, Bribe Branch


You were on level 13 of the Dungeon.
You worshipped Gozag.
Gozag was most pleased with you.
You visited 4 branches of the dungeon, and saw 21 of its levels.

You collected 5586 gold pieces.
You spent 2602 gold pieces at shops.
You paid 1237 gold pieces to Gozag.

Inventory:

Hand Weapons
 p - the +6 lajatang "Undertaker" {vorpal, rC++ Will+}
   (You bought it in a shop on level 2 of the Orcish Mines)

   It inflicts extra damage upon your enemies.
   rC:        It greatly protects you from cold.
   Will:      It increases your willpower.
 q - the +8 trident of the Sky (weapon) {elec, rN+ rCorr Str+8 Int-5}
   (You bought it in a shop on level 2 of the Orcish Mines)

   It occasionally discharges a powerful burst of electricity upon striking a
   foe.
   Str:       It affects your strength (+8).
   Int:       It affects your intelligence (-5).
   rN:        It protects you from negative energy.
   rCorr:     It protects you from acid and corrosion.
 K - the +7 morningstar of the Orcish Mines {holy, Dex+6}
   (You found it on level 8 of the Dungeon)

   It has been blessed by the Shining One to cause great damage to the undead
   and demons.
   Dex:       It affects your dexterity (+6).
Missiles
 w - 24 poisoned darts (quivered)
Armour
 o - a +2 hat (worn)
Magical Staves
 R - a staff of cold
Jewellery
 c - a +6 ring of strength (left tentacle)
 e - a ring of see invisible (on tentacle)
 g - a +6 ring of strength (right tentacle)
 l - a ring of resist corrosion
 m - an amulet of guardian spirit (around mantle)
 t - a ring of flight
 x - the ring of the Foremost Stars (on tentacle) {+Blink rC+ Int+6}
   (You bought it in a shop on level 8 of the Dungeon)

   [ring of intelligence]

   Int:       It affects your intelligence (+6).
   rC:        It protects you from cold.
   +Blink:    It lets you blink.
 y - a ring of ice (on tentacle)
 F - a +4 ring of protection (on tentacle)
 H - a ring of willpower
 L - a +4 ring of protection (on tentacle)
 T - a ring of wizardry (on tentacle)
Wands
 h - a wand of flame (17)
 u - a wand of iceblast (3)
 C - a wand of polymorph (12)
 U - a wand of charming (17)
Scrolls
 a - 5 scrolls of teleportation
 b - a scroll of silence
 d - a scroll of magic mapping
 n - 2 scrolls of fog
 r - 5 scrolls of summoning
 D - 3 scrolls of identify
 I - 4 scrolls of enchant armour
 Q - 2 scrolls of enchant weapon
Potions
 f - 3 potions of magic
 i - 7 potions of might
 j - 4 potions of mutation
 k - a potion of heal wounds
 s - 4 potions of flight
 v - 3 potions of lignification
 A - 6 potions of brilliance
 E - 2 potions of haste
 G - 4 potions of degeneration
 J - 6 potions of curing
 O - a potion of ambrosia
 X - 3 potions of resistance {unknown}
Miscellaneous
 M - a condenser vane
 S - a box of beasts


   Skills:
 - Level 11.5 Fighting
 * Level 1.3(1.9) Polearms
 * Level 2.1(2.3) Staves
 + Level 0.3 Throwing
 - Level 2.3 Dodging
 - Level 1.3 Stealth
 - Level 4.7 Unarmed Combat
 * Level 16.4 Spellcasting
 * Level 10.2 Summonings
 - Level 5.7 Ice Magic
 * Level 0.3 Air Magic
 - Level 3.2 Evocations


You had 25 spell levels left.
You knew the following spells:

 Your Spells              Type           Power      Damage    Failure   Level
a - Frozen Ramparts       Ice            100%       1d16      1%          3
b - Summon Ice Beast      Ice/Summ       62%        N/A       1%          4
c - Swiftness             Air            17%        N/A       4%          3
d - Summon Cactus Giant   Summ           26%        N/A       3%          6
e - Summon Lightning Spi  Summ/Air       35%        N/A       1%          4

Your spell library contained the following spells:

 Spells                   Type           Power      Damage    Failure   Level
 Magic Dart               Conj           60%        1d6       1%          1
 Call Imp                 Summ           53%        N/A       1%          2
 Ensorcelled Hibernation  Hex/Ice        78%        N/A       1%          2
 Passwall                 Tmut/Erth      12%        N/A       2%          2
 Scorch                   Fire           30%        2d7       2%          2
 Gell's Gravitas          Tloc           15%        N/A       4%          3
 Lesser Beckoning         Tloc           15%        N/A       4%          3
 Mephitic Cloud           Conj/Pois/Air  16%        N/A       4%          3
 Stone Arrow              Conj/Erth      30%        3d8       4%          3
 Teleport Other           Tloc           15%        N/A       4%          3
 Ice Form                 Ice/Tmut       39%        N/A       4%          4
 Anguish                  Hex/Necr       7%         N/A       16%         4
 Flame Wave               Conj/Fire      15%        2d7       16%         4
 Iskenderun's Battlesphe  Conj           15%        2d7       38%         5
 Spellforged Servitor     Conj/Summ      17%        N/A       82%         7
 Dispersal                Tloc           7%         N/A       90%         6
 Iron Shot                Conj/Erth      7%         9d2       90%         6
 Enfeeble                 Hex            7%         N/A       100%        7
 Storm Form               Tmut/Air       8%         N/A       100%        7
 Lehudib's Crystal Spear  Conj/Erth      7%         10d3      100%        8
 Maxwell's Capacitive Co  Air            8%         ∞         100%        8
 Animate Armour           Summ/Erth      Unusable   N/A       N/A         4

Dungeon Overview and Level Annotations

Branches:
Dungeon (13/15)            Temple (1/1) D:4            Lair (5/5) D:8
  Swamp (0/4) Lair:2       Spider (0/4) Lair:3        Slime (0/5) Lair:4
    Orc (2/2) D:11            Elf (0/3) Orc:2
 Vaults: D:13-14

Altars:
Cheibriados
Dithmenos
Fedhas
Gozag
Kikubaaqudgha
Makhleb
Okawaru
Qazlal
Ru
Sif Muna
Trog
Uskayaw
Wu Jian
Xom
Yredelemnul
The Shining One

Shops:
D:6 [   D:7 !   D:8 =:   D:10 :   Orc:2 ((=[

Annotations:
D:7 exclusion: downstairs
D:9 exclusions: 2 downstairs and upstairs
D:10 exclusion: upstairs
Lair:1 exclusion: obsidian statue
Lair:2 exclusions: boulder beetle, downstairs and upstairs
Lair:3 exclusions: boulder beetle, 4 death yaks, 2 downstairs and hydra
Lair:4 exclusion: downstairs
Orc:1 exclusion: downstairs


Innate Abilities, Weirdness & Mutations

You cannot wear most types of armour.
You are amphibious.
You can wear up to eight rings at the same time.
Your skin changes colour to match your surroundings (Stealth+).
Your rubbery body absorbs attacks. (AC +1, EV +1)
((You are camouflaged when in or above water. (Stealth+)))
You have tentacles for arms and can constrict up to eight enemies at once.


Message History

The bolt of electricity hits the centaur warrior!
The centaur warrior dies!
Unknown command.
A centaur warrior comes into view.
A centaur warrior is nearby!
The centaur warrior shouts!
The centaur warrior wields a +0 shortbow.
The centaur warrior shoots an arrow.
The arrow hits you!
Aiming: Mindburst
Press: ? - help, Shift-Dir - straight line, f - centaur warrior
Aim: a centaur warrior, wielding a +0 shortbow (chance to affect: 62%)
The centaur warrior's mind is blasted!!
The centaur warrior shoots an arrow.
The arrow hits you!
Unknown command.
Aiming: Mindburst
Press: ? - help, Shift-Dir - straight line, f/p - centaur warrior
Aim: a centaur warrior, wielding a +0 shortbow (moderately wounded, chance to affect: 62%)
The centaur warrior's mind is blasted!
The now-empty wand crumbles to dust.
The centaur warrior shoots an arrow.
The arrow hits you!!
* * * LOW HITPOINT WARNING * * *
You don't have any such object.
Evoke which item? (* to show all) (? for menu, Esc to quit)
Okay, then.
Unknown command.
Okay, then.
You feel much better.
The centaur warrior shoots an arrow.
The arrow hits you!
The centaur warrior shoots an arrow.
The arrow hits you!!
* * * LOW HITPOINT WARNING * * *
Unknown command.
Aiming: Charm
Press: ? - help, Shift-Dir - straight line, f/p - centaur warrior
Aim: a centaur warrior, wielding a +0 shortbow (severely wounded, chance to affect: 39%)
The centaur warrior resists with some effort.
The centaur warrior shoots an arrow.
The arrow hits you!!
* * * LOW HITPOINT WARNING * * *
You feel much better.
The centaur warrior shoots an arrow.
The arrow hits you!
* * * LOW HITPOINT WARNING * * *
The centaur warrior shoots an arrow.
The arrow hits you!!
You die...
Your body crumbles into a pile of gold.

.........# #....(...
..######.#####..$.....
#..8$.....$.c..
#.####......... #.#
#......... #.#
#......... #.#
#........! #.#
#......... #.#
#@........ #.#
#......... #........
#........ #........
#........ #........
#........


You could see a centaur warrior.

Vanquished Creatures
  A hydra (D:11)
  11 spriggans (Lair:5)
  3 orc knights (Orc:2)
  2 cyclopes (D:12)
  2 black mambas
  7 elephants
  2 unseen horrors
  A rime drake (Lair:4)
  5 cane toads
  4 komodo dragons
  3 hornets
  4 polar bears
  14 blink frogs
  A nameless horror (D:13)
  3 saltlings (Orc:2)
  4 trolls
  A slime creature (Lair:4)
  2 dream sheep (Lair:5)
  A shadow (D:12)
  A basilisk (D:11)
  25 yaks
  4 wyverns
  3 vampire mosquitoes (D:11)
  A steam dragon (D:6)
  2 wargs (Orc:2)
  Duvessa (D:7)
  3 acid dragons
  17 water moccasins
  3 orc warriors
  A swamp drake (D:11)
  An ice beast (D:5)
  6 black bears
  3 centaurs
  4 boggarts (Lair:5)
  4 ogres
  23 wolves
  A phantom (D:6)
  2 kobold brigands
  13 bullfrogs
  2 scorpions
  7 wights
  3 necrophages
  4 killer bees
  3 howler monkeys
  2 electric eels (Lair:1)
  A crimson imp (D:11)
  Crazy Yiuf (D:6)
  2 hounds
  3 jellies
  An iron imp (D:11)
  6 orc priests
  3 iguanas
  6 orc wizards
  A scorpion simulacrum (D:3)
  6 gnolls
  5 adders
  A shadow imp (D:11)
  3 white imps
  An ufetubus (D:6)
  4 dart slugs
  43 orcs
  4 endoplasms
  A giant cockroach (D:2)
  5 goblins
  3 hobgoblins (D:2)
  5 quokkas
  4 ball pythons
  3 bats
  A frilled lizard (D:3)
  26 kobolds
  7 rats
356 creatures vanquished.

Vanquished Creatures (collateral kills)
  An ettin (Orc:2)
  A boulder beetle (D:12)
  2 catoblepae (Lair:4)
  2 centaur warriors (D:13)
  A tengu warrior (D:13)
  3 two-headed ogres
  An orc high priest (Orc:2)
  2 deep elf pyromancers
  5 orc knights (Orc:2)
  A deep elf zephyrmancer (D:11)
  3 orc sorcerers (Orc:2)
  Maurice (Orc:2)
  Joseph (D:7)
  2 elephants (Lair:3)
  A rust devil (D:9)
  A cane toad (Lair:5)
  3 trolls
  2 polar bears (Lair:5)
  A dream sheep (Lair:5)
  A saltling (Orc:2)
  A slime creature (Lair:4)
  2 yaks (Lair:4)
  2 spriggans (Lair:5)
  A basilisk (Lair:5)
  2 wargs
  An acid dragon (D:11)
  7 orc warriors
  2 ogres (Orc:2)
  A boggart (Lair:5)
  4 wolves (Lair:5)
  The ghost of LoneWolf the Digger, an amateur GrEE (D:3)
  Dowan (D:7)
  3 killer bees (D:9)
  4 howler monkeys
  An orc priest (Orc:2)
  A water moccasin simulacrum (D:3)
  6 orc wizards
  A scorpion simulacrum (D:3)
  3 gnolls (D:7)
  A white imp (D:3)
  3 adder simulacra (D:3)
  30 orcs
  A ball python simulacrum (D:3)
114 creatures vanquished.

Vanquished Creatures (others)
  A two-headed ogre (D:9)
  An orc knight (Orc:2)
  An ice beast (D:5)
  3 orc wizards
  58 fungi
  6 pillars of salt (Orc:2)
  44 plants
114 creatures vanquished.

Grand Total: 584 creatures vanquished

Notes
Turn   | Place    | Note
-------+----------+-------------------------------------------
     0 | D:1      | H0rd4k the Octopode Artificer began the quest for the Orb.
     0 | D:1      | Reached XP level 1. HP: 13/13 MP: 1/1
   676 | D:1      | Reached skill level 1 in Spellcasting
   992 | D:1      | Found a faded altar of an unknown god.
  1021 | D:1      | Reached XP level 2. HP: 17/18 MP: 3/3
  1828 | D:2      | Reached XP level 3. HP: 22/24 MP: 5/5
  1841 | D:2      | Reached skill level 1 in Unarmed Combat
  2158 | D:2      | Reached XP level 4. HP: 23/29 MP: 6/6
  2263 | D:2      | Reached skill level 2 in Spellcasting
  2896 | D:3      | Reached XP level 5. HP: 35/35 MP: 8/8
  3131 | D:3      | Found a basalt altar of Yredelemnul.
  3131 | D:3      | Found an ornate altar of the Wu Jian Council.
  3191 | D:3      | Found a runed translucent gate.
  3191 | D:3      | Found a runed translucent gate.
  3191 | D:3      | Found a runed translucent gate.
  3492 | D:3      | Identified the +2 robe of the Wasteland {rElec rC- rN+
                  | MP+9}
  3685 | D:3      | Noticed LoneWolf's ghost (amateur GrEE)
  3930 | D:4      | Reached XP level 6. HP: 39/42 MP: 10/10
  4043 | D:4      | Found a staircase to the Ecumenical Temple.
  4616 | D:4      | Found a shadowy altar of Dithmenos.
  4706 | Temple   | Entered the Ecumenical Temple
  4785 | Temple   | Became a worshipper of Gozag Ym Sagoz the Greedy
  4833 | D:5      | Entered Level 5 of the Dungeon
  5064 | D:5      | Noticed an ice beast
  5065 | D:5      | Reached skill level 3 in Spellcasting
  5110 | D:5      | Noticed an ice beast
  5163 | D:5      | Killed an ice beast
  5164 | D:5      | Reached XP level 7. HP: 23/46 MP: 4/11
  5726 | D:6      | Reached skill level 4 in Spellcasting
  6113 | D:6      | Reached skill level 5 in Spellcasting
  6113 | D:6      | Reached XP level 8. HP: 46/54 MP: 13/15
  6268 | D:6      | Reached skill level 5 in Fighting
  6268 | D:6      | Reached skill level 6 in Spellcasting
  6345 | D:6      | Found Xegreh's Armour Shop.
  6390 | D:6      | Found a runed translucent door.
  6391 | D:6      | Noticed Crazy Yiuf
  6454 | D:6      | Found a burning altar of Makhleb.
  7054 | D:7      | Found Ele Zauta's Distillery.
  7087 | D:7      | Bought a potion of heal wounds for 65 gold pieces
  7087 | D:7      | Bought a potion of curing for 39 gold pieces
  7185 | D:7      | Noticed Duvessa
  7188 | D:7      | Noticed Dowan
  7203 | D:7      | Killed Dowan
  7212 | D:7      | Reached skill level 7 in Spellcasting
  7239 | D:7      | Noticed Joseph
  7249 | D:7      | Reached XP level 9. HP: 60/62 MP: 19/19
  7258 | D:7      | Found a blossoming altar of Fedhas.
  7260 | D:7      | Found a hide-covered altar of Uskayaw.
  7260 | D:7      | Found a snail-covered altar of Cheibriados.
  7260 | D:7      | Found a bloodstained altar of Trog.
  7261 | D:7      | Found a stormy altar of Qazlal.
  7351 | D:7      | Your ally Duvessa died
  7798 | D:8      | Found a staircase to the Lair.
  7852 | D:8      | Reached skill level 8 in Spellcasting
  8835 | D:9      | Found a sacrificial altar of Ru.
  9175 | D:9      | Reached skill level 9 in Spellcasting
  9420 | D:9      | Reached XP level 10. HP: 65/72 MP: 19/23
  9536 | D:9      | Noticed a two-headed ogre
  9856 | D:9      | Found a glowing golden altar of the Shining One.
  9920 | D:10     | Entered Level 10 of the Dungeon
  9949 | D:10     | Noticed a two-headed ogre
 10163 | D:8      | Noticed a rust devil
 10163 | D:8      | Noticed a rust devil
 10250 | Lair:1   | Entered Level 1 of the Lair of Beasts
 10253 | Lair:1   | Noticed a catoblepas
 10729 | Lair:1   | Learned a level 3 spell: Frozen Ramparts
 11117 | Lair:2   | Noticed a cane toad
 11158 | Lair:2   | Reached skill level 10 in Spellcasting
 11364 | Lair:2   | Noticed a boulder beetle
 11467 | Lair:2   | Noticed an elephant
 11468 | Lair:2   | Noticed an elephant
 11469 | Lair:2   | Noticed an elephant
 11485 | Lair:2   | Killed an elephant
 11486 | Lair:2   | Reached skill level 10 in Fighting
 11494 | Lair:2   | Killed an elephant
 11501 | Lair:2   | Killed an elephant
 12039 | Lair:2   | Reached XP level 11. HP: 45/82 MP: 15/25
 12303 | Lair:2   | Found a staircase to the Swamp.
 13253 | Lair:1   | Reached skill level 1 in Ice Magic
 13443 | D:8      | Reached skill level 11 in Spellcasting
 14046 | D:8      | Bought the ring of the Foremost Stars {+Blink rC+ Int+6}
                  | for 855 gold pieces
 14055 | D:8      | Learned a level 4 spell: Summon Ice Beast
 14203 | Lair:1   | Noticed an obsidian statue
 14575 | Lair:1   | Reached skill level 1 in Summonings
 15469 | Lair:3   | Noticed a boulder beetle
 15719 | Lair:3   | Noticed a death yak
 15719 | Lair:3   | Noticed a death yak
 15731 | Lair:3   | Noticed a death yak
 15814 | Lair:3   | Found a hole to the Spider Nest.
 16040 | Lair:1   | Identified the +2 ring mail "Ceteoj" {rPois Int+6}
 16621 | Lair:3   | Noticed a six-headed hydra
 16894 | Lair:3   | Reached XP level 12. HP: 66/90 MP: 17/27
 16951 | Lair:3   | Reached skill level 12 in Spellcasting
 17214 | Lair:3   | Noticed a death yak
 17805 | Lair:4   | Learned a level 3 spell: Swiftness
 18353 | Lair:4   | Reached skill level 5 in Ice Magic
 18366 | Lair:4   | Reached skill level 5 in Summonings
 18654 | Lair:4   | Learned a level 6 spell: Summon Cactus Giant
 18673 | Lair:4   | Noticed a catoblepas
 18677 | Lair:4   | Found a staircase to the Slime Pits.
 18818 | Lair:4   | Killed a catoblepas
 18829 | Lair:4   | Reached skill level 13 in Spellcasting
 18978 | Lair:4   | Noticed a catoblepas
 19051 | Lair:4   | Killed a catoblepas
 19228 | Lair:5   | Entered Level 5 of the Lair of Beasts
 20395 | Lair:5   | Reached XP level 13. HP: 94/95 MP: 23/30
 20550 | Lair:5   | Reached skill level 14 in Spellcasting
 22903 | D:10     | Found Ukiqiduk's Book Shoppe.
 23306 | D:11     | Reached skill level 15 in Spellcasting
 23585 | D:11     | Found a staircase to the Orcish Mines.
 24958 | Orc:1    | Entered Level 1 of the Orcish Mines
 25375 | Orc:2    | Entered Level 2 of the Orcish Mines
 25710 | Orc:1    | You fall into a shaft and drop 1 floor!
 26135 | Orc:2    | Noticed Maurice
 26145 | Orc:2    | Killed Maurice
 26219 | Orc:2    | Noticed an ettin
 26251 | Orc:2    | Killed an ettin
 26974 | Orc:2    | Reached XP level 14. HP: 98/98 MP: 23/33
 27480 | Orc:2    | Found Uzies's Weapon Boutique.
 27823 | Orc:2    | Reached skill level 16 in Spellcasting
 29189 | Orc:2    | Found a staircase to the Elven Halls.
 29327 | Orc:2    | Found Fontuom's Jewellery Shop.
 29460 | Orc:2    | Bought a ring of see invisible for 210 gold pieces
 29477 | Orc:2    | Found Amigicee's Antique Weapon Boutique.
 29484 | Orc:2    | Bought a smoking lajatang for 500 gold pieces
 29484 | Orc:2    | Identified the +6 lajatang "Undertaker" {vorpal, rC++
                  | Will+} (You bought it in a shop on level 2 of the Orcish
                  | Mines)
 29488 | Orc:2    | Bought the +8 trident of the Sky {elec, rN+ rCorr Str+8
                  | Int-5} for 933 gold pieces
 29503 | Orc:2    | Found Axyvergh's Antique Armour Shoppe.
 29734 | D:7      | Killed Joseph
 30024 | D:3      | Killed LoneWolf's ghost
 30290 | D:6      | Killed Crazy Yiuf
 30779 | D:9      | Reached skill level 1 in Staves
 30918 | D:8      | Identified the +7 morningstar of the Orcish Mines {holy,
                  | Dex+6}
 31266 | D:12     | Reached skill level 10 in Summonings
 32018 | D:12     | Reached skill level 1 in Polearms
 32237 | D:12     | Learned a level 4 spell: Summon Lightning Spire
 32791 | D:13     | HP: 3/101 [centaur warrior/arrow (18)]
 32792 | D:13     | Shot with an arrow by a centaur warrior

Illustrated notes

Levels and vault maps discovered:
D:1:      co_arrival_random_square_maze, layout_loops_cross,
          shapermc_ecumenical_altar_hornbeckon, dk_noncrumbling_4,
          roderic_roman_lattice
D:2:      layout_rooms, serial_co_window_serial, co_window_paths_b,
          co_window_corner_a, co_window_paths_a, co_window_cross_1,
          co_window_corner_a, co_window_corner_a, co_window_paths_b,
          co_window_broadway_a, co_window_2corner, co_window_cross_2,
          co_window_corner_b, co_window_of_opportunity_b, co_window_corner_b,
          co_window_paths_e, co_window_4corner_b, glass_columns_c,
          glass_columns_a, glass_columns_c, glass_columns_a
D:3:      layout_loops_cross, mainiacjoe_overflow_divided_tiny,
          gammafunk_ghost_icy, minmay_misc_feat_roman
D:4:      layout_basic, general_overflow_altar, minmay_temple_entry_grid,
          nicolae_grassy_gnolls
D:5:      layout_rooms
D:6:      layout_rooms, lightli_temple_of_fire, serial_shops, shop_statue,
          uniq_crazy_yiuf_cottage
D:7:      layout_rooms, grunt_temple_overflow_open, serial_shops,
          nicolae_shop_advertising_works [nicolae_subvault_shop_adworks],
          lemuel_flamethrower_1, uniq_joseph, uniq_duvessa
D:8:      cheibrodos_iron_armory, layout_basic, dpeg_oklobed_lair
D:9:      layout_stronghold, pf_just_have_faith,
          mainiacjoe_overflow_cross_hatched
D:10:     layout_rooms, serial_shops, nicolae_shop_waterfront
D:11:     layout_cross, orc_0_dummy, gauntlet_entry_generic,
          hangedman_minor_magic
D:12:     layout_roguey, kennysheep_generic_room_12
D:13:     layout_long_grid, david_vaults_5, serial_shops, shop, shop,
          nicolae_shop_statue_plus, nicolae_lakefront_shop, minivault_19
Temple:   minmay_temple_curvy_loop
Lair:1:   statuecave_lemuel, layout_gridlike, minmay_stone_trees_small,
          beast_lair_carwin_11, grunt_megastairs_2
Lair:2:   layout_regular_city, swamp_mist_pool
Lair:3:   layout_gridlike, dummy_spider_entry, serial_bayou_pond_d,
          nzn_sisyphean_effort, lemuel_fruit_tree, lemuel_fruit_fields
Lair:4:   layout_big_grid, minmay_slime_entry_pillars,
          cheibrodos_lair_reptile_den, grunt_megastairs_1
Lair:5:   minmay_lair_end_enchanted_forest, layout_regular_city,
          nicolae_quartered_pool_medium, st_stairs_9, grunt_megastairs_3
Orc:1:    minmay_goldmine, layout_diamond_mine
Orc:2:    hellmonk_orc_salted, layout_caves, uniq_maurice

Skill      XL: |  1  2  3  4  5  6  7  8  9 10 11 12 13 14 |
---------------+-------------------------------------------+-----
Spellcasting   | 1 2 3 5 7 9 10 11 13 15 16 | 16.4
Fighting       | 2 3 4 5 8 10 11 | 11.5
Unarmed Combat | 1 2 3 4 |  4.7
Ice Magic      | 3 5 |  5.7
Summonings     | 4 6 8 10 | 10.2
Staves         | 2 |  2.1
Polearms       | 1 |  1.3
Throwing       | |  0.3
Dodging        | |  2.3
Stealth        | |  1.3
Air Magic      | |  0.3
Evocations     | |  3.2

Action                   |  1- 3 |  4- 6 |  7- 9 | 10-12 | 13-15 || total
-------------------------+-------+-------+-------+-------+-------++-------
Melee: Unarmed           |    68 |   101 |   208 |   473 |   156 ||  1006
       Constrict         |    19 |    41 |    53 |    62 |    55 ||   230
       Tentacles         |    15 |    29 |    61 |   149 |    81 ||   335
       Punch             |       |     4 |    11 |    32 |    19 ||    66
       Staff             |       |       |       |       |    70 ||    70
       Trident           |       |       |       |       |    41 ||    41
Throw: Dart              |       |       |       |     2 |     4 ||     6
 Cast: Frozen Ramparts   |       |       |       |    43 |    53 ||    96
       Summon Ice Beast  |       |       |       |    24 |    72 ||    96
       Summon Cactus Gia |       |       |       |       |    57 ||    57
       Swiftness         |       |       |       |       |     2 ||     2
       Summon Lightning  |       |       |       |       |     2 ||     2
Invok: Call Merchant     |       |       |       |     1 |     1 ||     2
Evoke: Wand              |       |    13 |    50 |    37 |    15 ||   115
  Use: Scroll            |       |       |    15 |    10 |     9 ||    34
       Potion            |       |       |       |     4 |     4 ||     8
 Stab: Sleeping          |    11 |     9 |     5 |     4 |     3 ||    32
       Distracted        |       |     1 |     2 |     2 |     4 ||     9
Armor: Skin              |     1 |     6 |    51 |   149 |   100 ||   307
Dodge: Dodged            |    32 |    69 |   131 |   327 |   234 ||   793
